 Dungeon Crawl Stone Soup version 0.28-a0-1613-gdaab1c2f9b (webtiles) character file.

Game seed: 5985737787362008677

17432 murtidash the Frost Mage (level 11, -2/86 HPs)
             Began as a Demigod Ice Elementalist on Jan 21, 2022.
             Slain by a small abomination (14 damage)
             ... on level 3 of the Abyss.
             The game lasted 00:38:10 (17449 turns).

murtidash the Frost Mage (DgIE)                    Turns: 17449, Time: 00:38:11

Health: -2/86      AC:  9    Str:  9    XL:     11   Next: 91%
Magic:  25/25      EV: 14    Int: 35    God:
Gold:   615        SH:  5    Dex: 14    Spells: 8/23 levels left

rFire   . . .      SeeInvis .   a - +0 dire flail (protect)
rCold   . . .      Faith    .   (shield currently unavailable)
rNeg    . . .      Spirit   .   Q - +0 steam dragon scales
rPois   .          Reflect  +   (no helmet)
rElec   .          Harm     .   y - +0 cloak
rCorr   .          Rampage  .   q - +0 pair of gloves
Will    +....                   M - +0 pair of boots
Stlth   ++........              p - amulet of reflection
HPRegen 0.24/turn               H - +6 ring of intelligence
MPRegen 0.19/turn               t - ring of wizardry {Wiz+, !d}

@: about to teleport
A: high mp 1, forlorn, divine attributes
a: no special abilities


You were on level 3 of the Abyss.
You visited 2 branches of the dungeon, and saw 12 of its levels.
You visited the Abyss 1 time.
You also visited: Volcano.

You collected 615 gold pieces.

Inventory:

Hand Weapons
 a - a +0 dire flail of protection (weapon)
   (You took it off Edmund on level 5 of the Dungeon)
 b - a +0 hand crossbow
   (You took it off a kobold on level 9 of the Dungeon)
 S - a +4 mace of flaming
   (You took it off a wizard in a volcano)
Missiles
 r - 45 bolts
Armour
 q - a +0 pair of gloves (worn)
   (You found it on level 4 of the Dungeon)
 y - a +0 cloak (worn)
   (You found it on level 5 of the Dungeon)
 G - a +0 buckler
   (You found it on level 7 of the Dungeon)
 M - a +0 pair of boots (worn)
   (You found it on level 8 of the Dungeon)
 Q - +0 steam dragon scales (worn)
   (You found it on level 9 of the Dungeon)
 R - a +1 robe of fire resistance
   (You took it off a wizard in a volcano)
Jewellery
 o - a +6 ring of dexterity
   (You found it on level 3 of the Dungeon)
 p - an amulet of reflection (around neck)
   (You found it on level 4 of the Dungeon)
 t - a ring of wizardry (right hand) {Wiz+, !d}
   (You found it on level 4 of the Dungeon)
 v - an amulet of the acrobat
   (You found it on level 5 of the Dungeon)
 w - a ring of see invisible {sInv, !d}
   (You took it off an orc on level 5 of the Dungeon)
 H - a +6 ring of intelligence (left hand)
   (You found it on level 7 of the Dungeon)
 I - a ring of flight {+Fly, !d}
   (You found it on level 7 of the Dungeon)
 N - a ring of protection from fire {rF+, !d}
   (You found it on level 9 of the Dungeon)
 P - a ring of protection from cold {rC+, !d}
   (You found it on level 9 of the Dungeon)
Wands
 f - a wand of iceblast (2)
   (You found it on level 1 of the Lair of Beasts)
 B - a wand of charming (8)
   (You found it on level 5 of the Dungeon)
 O - a wand of flame (5)
   (You found it on level 9 of the Dungeon)
Scrolls
 l - 2 scrolls of enchant armour
 n - 5 scrolls of vulnerability {!r!r}
 s - 2 scrolls of brand weapon
 z - a scroll of enchant weapon {unknown}
 A - 2 scrolls of immolation {!r}
 D - a scroll of amnesia
 K - 4 scrolls of fog
 L - a scroll of summoning
Potions
 c - 3 potions of resistance
 d - a potion of curing
 g - a potion of heal wounds
 h - 4 potions of might
 i - a potion of invisibility
 k - a potion of haste
 m - 3 potions of magic
 C - a potion of brilliance
 F - 2 potions of cancellation
 J - a potion of mutation {!q}


   Skills:
 - Level 5.0 Fighting
 + Level 5.1 Maces & Flails
 - Level 5.0 Armour
 - Level 5.0 Dodging
 - Level 1.7 Stealth
 - Level 5.0 Shields
 - Level 6.7 Spellcasting
 + Level 7.1 Conjurations
 + Level 10.9 Ice Magic
 * Level 2.5 Air Magic


You had 8 spell levels left.
You knew the following spells:

 Your Spells              Type           Power      Damage    Failure   Level
b - Frozen Ramparts       Ice            100%       1d12      1%          3
c - Ozocubu's Armour      Ice            73%        N/A       1%          3
d - Hailstorm             Conj/Ice       66%        3d14      1%          4
z - Freezing Cloud        Conj/Ice/Air   28%        6-21      2%          5

Your spell library contained the following spells:

 Spells                   Type           Power      Damage    Failure   Level
 Freeze                   Ice            100%       1d11      1%          1
 Pain                     Necr           44%        1d6       1%          1
 Sandblast                Erth           22%        2d7       1%          1
 Corpse Rot               Necr/Air       40%        N/A       1%          2
 Poisonous Vapours        Pois/Air       40%        N/A       1%          2
 Stone Arrow              Conj/Erth      72%        3d11      1%          3
 Passwall                 Tmut/Erth      9%         N/A       2%          2
 Simulacrum               Ice/Necr       25%        N/A       22%         6
 Agony                    Necr           11%        N/A       34%         5
 Borgnjor's Revivificati  Necr           5%         N/A       100%        8
 Polar Vortex             Ice            36%        N/A       100%        9


Dungeon Overview and Level Annotations

Branches:
Dungeon (9/15)             Temple (0/1) D:6            Lair (3/6) D:9
  Snake (0/4) Lair:3          Orc (0/2) D:9         Volcano (visited)
  Swamp: Lair:2-4    Shoals: Lair:2-4

Shops:
D:3 (

Annotations:
D:8 Strat's ghost, novice DgIE
Lair:1 exclusion: downstairs
Lair:3 1 transporter


Innate Abilities, Weirdness & Mutations

You have an increased reservoir of magic. (+10% MP)
You shall have no god before yourself.
Your divine heritage dramatically boosts your attributes as you level up.


Message History

Health restored: 86 A tentacled starspawn comes into view.
A five-headed hydra simulacrum comes into view.
As you read the scroll of teleportation, it crumbles to dust.
You feel strangely unstable.
You feel the power of the Abyss delaying your translocation!
You start waiting.
A flying skull comes into view.
You are suddenly pulled into a different region of the Abyss!
A small abomination comes into view.
A worldbinder comes into view.
The worldbinder calls forth creatures from the Spider Nest!
The worldbinder calls forth creatures from the Spider Nest!
The tarantella disappears in a puff of smoke!
The tarantella disappears in a puff of smoke!
Here: a worldbinder The floor.
Unknown command.
The walls around you are covered in ice.
The wall freezes the worldbinder.
The worldbinder misses you. The worldbinder completely misses you.
The wall freezes the worldbinder.
The worldbinder closely misses you. You block the worldbinder's attack.
You now have 22/25 mp.
A film of ice covers your body!
The wall freezes the worldbinder.
The worldbinder calls forth creatures from the Spider Nest!
You now have 19/25 mp.
You hit the worldbinder but do no damage.
Your weapon exudes an aura of protection.
The wall freezes the worldbinder!
The worldbinder barely misses you. The worldbinder hits you.
The wall freezes the orb spider.
The wall freezes the worldbinder.
You block the worldbinder's attack.
The worldbinder hits you but does no damage.
You take 6 damage, and have 80/86 hp.
You sock the worldbinder!
The wall freezes the worldbinder!
You destroy the worldbinder!
That felt strangely unrewarding.
The orb spider disappears in a puff of smoke!
The wolf spider disappears in a puff of smoke!
Your icy armour cracks and falls away as you move.
The frozen ramparts melt away as you move.
A wraith comes into view.
A starcursed mass comes into view.
A starcursed mass splits.
Health restored: 86 MP restored: 25 A small abomination comes into view.
A tentacled starspawn comes into view.
The small abomination closely misses you.
A tentacle flies out from the starspawn's body!
A starspawn tentacle comes into view.
The small abomination misses you. The small abomination hits you!!
You block the small abomination's attack.
You take 18 damage, and have 68/86 hp.
MASSIVE DAMAGE!!
A tentacled starspawn comes into view.
The small abomination barely misses you.
The starcursed mass shrieks in your mind.
You take 4 damage, and have 64/86 hp.
The starcursed mass shrieks in your mind.
The small abomination barely misses you. 2 starspawn tentacles come into view.
You take 5 damage, and have 59/86 hp.
The small abomination hits you. The starspawn tentacle grabs you.
The starspawn tentacle constricts you.
You take 5 damage, and have 54/86 hp.
The starspawn tentacle's grasp on you weakens, but your attempt to escape fails.
The small abomination hits you! The starspawn tentacle constricts you.
The starspawn tentacle loses its grip on you.
The tentacle pulls you backwards! The starspawn tentacle grabs you.
The starspawn tentacle constricts you.
You take 9 damage, and have 45/86 hp.
The starspawn tentacle's grasp on you weakens, but your attempt to escape fails.
The small abomination closely misses you.
A starcursed mass splits.
The starspawn tentacle constricts you.
You escape the starspawn tentacle's grasp.
The small abomination hits you!
You block the small abomination's attack.
The starspawn tentacle grabs you. The starspawn tentacle constricts you.
A starcursed mass splits.
A chorus of shrieks assaults your mind.
You take 17 damage, and have 28/86 hp.
The starspawn tentacle's grasp on you weakens, but your attempt to escape fails.
The small abomination hits you but does no damage.
The starspawn tentacle loses its grip on you.
A tentacle flies out from the starspawn's body!
A starspawn tentacle comes into view.
The small abomination hits you!
* * * LOW HITPOINT WARNING * * *
You take 12 damage, and have 17/86 hp.
As you read the scroll of teleportation, it crumbles to dust.
You feel strangely unstable.
You feel the power of the Abyss delaying your translocation!
The small abomination barely misses you.
A tentacle flies out from the starspawn's body!
The starcursed mass shrieks in your mind.
* * * LOW HITPOINT WARNING * * *
A starspawn tentacle comes into view.
You take 6 damage, and have 11/86 hp.
The small abomination hits you!
You die...

#.......X...# ##.. ...
.. # #............
##... ....... #
#.............# . ##
...... .....##
.##..##............. #
.......####.#X...# ##.
.......@.#XwX....###...
........x#.#.....##...
......#....#.#.#.##. .
..........##..#X.## ...
...#.......####..# . ..
###.....#.## ##...# #.
#####..## #. ## ## ###
### #. . #.


You could see a small abomination.

Vanquished Creatures
  3 hydras (Lair:2)
  A two-headed ogre (D:9)
  3 wizards (Volcano)
  Joseph (D:9)
  A worldbinder (Abyss:3)
  2 toenail golems (Volcano)
  5 elephants
  3 black mambas
  2 cane toads
  A komodo dragon (D:9)
  4 blink frogs (Lair:2)
  2 wyverns
  A shadow (D:8)
  18 yaks
  A steam dragon (D:9)
  A basilisk (Lair:3)
  Edmund (D:5)
  8 water moccasins
  3 necrophages
  2 orc warriors
  2 ogres
  2 black bears
  3 ice beasts
  2 centaurs
  8 wolves
  A kobold brigand (D:9)
  5 bullfrogs
  A wyvern zombie (D:6)
  2 scorpions (D:6)
  A water moccasin zombie (D:5)
  3 wyvern skeletons
  8 howler monkeys
  2 electric eels (Lair:1)
  A bullfrog zombie (D:6)
  4 centaur zombies
  3 orc priests
  3 hounds
  3 jellies
  A bullfrog skeleton (D:5)
  3 gnoll shamans
  2 orc wizards
  4 iguanas
  2 killer bee zombies
  A centaur simulacrum (D:8)
  A hound skeleton (D:7)
  22 gnolls
  7 adders
  A howler monkey simulacrum (D:8)
  2 white imps
  2 ufetubi
  3 adder skeletons
  2 worms (D:2)
  A dart slug (D:1)
  13 orcs
  3 bats
  8 endoplasms
  3 giant cockroaches
  5 goblins
  3 hobgoblins (D:1)
  3 jackals (D:3)
  13 kobolds
  8 quokkas
  3 ball pythons
  3 frilled lizards
  8 rats
  A lurking horror (Abyss:3)
245 creatures vanquished.

Vanquished Creatures (others)
  7 demonic plants (Abyss:3)
  15 fungi
  12 plants
  10 starspawn tentacles
44 creatures vanquished.

Grand Total: 289 creatures vanquished

Notes
Turn   | Place    | Note
-------+----------+-------------------------------------------
     0 | D:1      | murtidash the Demigod Ice Elementalist began the quest for
                  | the Orb.
     0 | D:1      | Reached XP level 1. HP: 14/14 MP: 5/5
   376 | D:1      | Reached skill level 2 in Spellcasting
   672 | D:1      | Reached XP level 2. HP: 14/20 MP: 3/7
  1082 | D:1      | Reached skill level 4 in Ice Magic
  1769 | D:2      | Reached XP level 3. HP: 18/26 MP: 7/9
  1773 | D:2      | Learned a level 3 spell: Frozen Ramparts
  2282 | D:2      | Reached XP level 4. HP: 19/33 MP: 5/11
  2438 | D:2      | Reached skill level 3 in Spellcasting
  2894 | D:2      | Learned a level 3 spell: Ozocubu's Armour
  3869 | D:3      | Found Tacsipp's Antique Weapon Shoppe.
  4619 | D:4      | Reached XP level 5. HP: 38/38 MP: 13/13
  4723 | D:4      | Reached skill level 5 in Ice Magic
  5347 | D:5      | Entered Level 5 of the Dungeon
  5449 | D:5      | Reached skill level 4 in Spellcasting
  5694 | D:5      | Noticed a necrophage
  5729 | D:5      | Killed a necrophage
  5730 | D:5      | Reached XP level 6. HP: 20/45 MP: 1/15
  6004 | D:5      | Reached skill level 6 in Ice Magic
  6380 | D:5      | Noticed a water moccasin
  6424 | D:5      | Reached XP level 7. HP: 50/50 MP: 9/17
  6556 | D:5      | Noticed Edmund
  6570 | D:5      | Killed Edmund
  6571 | D:5      | Reached skill level 5 in Spellcasting
  6863 | D:5      | Reached skill level 7 in Ice Magic
  7458 | D:6      | Reached skill level 6 in Spellcasting
  7658 | D:6      | Reached XP level 8. HP: 57/57 MP: 16/20
  8195 | D:6      | Found a staircase to the Ecumenical Temple.
  8421 | D:6      | Reached skill level 8 in Ice Magic
  8770 | D:7      | Learned a level 4 spell: Hailstorm
  8818 | D:6      | Reached skill level 2 in Dodging
  8818 | D:6      | Reached skill level 1 in Conjurations
  9502 | D:7      | Reached skill level 1 in Fighting
  9502 | D:7      | Reached skill level 1 in Maces & Flails
  9502 | D:7      | Reached skill level 1 in Shields
  9550 | D:7      | Reached skill level 1 in Armour
  9916 | D:7      | Reached skill level 2 in Conjurations
  9916 | D:7      | Reached XP level 9. HP: 64/64 MP: 18/23
 10447 | D:8      | Got the Papyrus of Black Magic
 10529 | D:8      | Reached skill level 2 in Maces & Flails
 10797 | D:8      | Found a runed translucent gate.
 10804 | D:8      | Found a runed translucent gate.
 10804 | D:8      | Found a runed translucent gate.
 10805 | D:8      | Noticed Strat's ghost (novice DgIE)
 10939 | D:8      | Reached skill level 2 in Fighting
 10945 | D:8      | HP: 10/67 [frozen (11)]
 11054 | D:7      | Reached skill level 2 in Armour
 11054 | D:7      | Reached skill level 2 in Shields
 11054 | D:7      | Reached skill level 3 in Conjurations
 11407 | D:9      | Reached skill level 3 in Dodging
 11529 | D:9      | Reached skill level 9 in Ice Magic
 11696 | D:9      | Noticed Joseph
 11758 | D:9      | Reached skill level 4 in Conjurations
 11760 | D:9      | Reached XP level 10. HP: 60/74 MP: 13/24
 11914 | D:9      | Reached skill level 3 in Maces & Flails
 11914 | D:9      | Reached skill level 3 in Armour
 11951 | D:9      | Reached skill level 3 in Fighting
 11951 | D:9      | Reached skill level 3 in Shields
 11966 | D:9      | Killed Joseph
 12150 | D:9      | Found a staircase to the Orcish Mines.
 12220 | D:9      | Found a staircase to the Lair.
 12277 | D:9      | Noticed a two-headed ogre
 12303 | D:9      | Killed a two-headed ogre
 12304 | D:9      | Reached skill level 4 in Dodging
 12304 | D:9      | Reached skill level 5 in Conjurations
 12701 | Lair:1   | Entered Level 1 of the Lair of Beasts
 14181 | Lair:2   | Noticed an elephant
 14181 | Lair:2   | Noticed an elephant
 14181 | Lair:2   | Noticed an elephant
 14181 | Lair:2   | Noticed an elephant
 14181 | Lair:2   | Noticed an elephant
 14195 | Lair:1   | Killed an elephant
 14196 | Lair:1   | Reached skill level 4 in Maces & Flails
 14196 | Lair:1   | Reached skill level 10 in Ice Magic
 14200 | Lair:1   | Killed an elephant
 14371 | Lair:2   | Noticed a six-headed hydra
 14391 | Lair:2   | Killed a six-headed hydra
 14392 | Lair:2   | Reached skill level 4 in Fighting
 14392 | Lair:2   | Reached skill level 4 in Armour
 14392 | Lair:2   | Reached XP level 11. HP: 36/84 MP: 12/25
 14408 | Lair:2   | Noticed an eight-headed hydra
 14646 | Lair:2   | Killed an eight-headed hydra
 14647 | Lair:2   | Reached skill level 4 in Shields
 14647 | Lair:2   | Reached skill level 6 in Conjurations
 15177 | Lair:2   | Noticed a four-headed hydra
 15186 | Lair:2   | Killed a four-headed hydra
 15187 | Lair:2   | Reached skill level 5 in Dodging
 15632 | Lair:2   | Learned a level 5 spell: Freezing Cloud
 16078 | Lair:3   | Found a transporter.
 16296 | Lair:3   | Reached skill level 1 in Air Magic
 16348 | Lair:3   | Reached skill level 7 in Conjurations
 16399 | Lair:3   | Found a dark tunnel.
 16408 | Volcano  | Entered a volcano
 16490 | Volcano  | Noticed a wizard
 16495 | Volcano  | Killed a wizard
 16514 | Volcano  | Reached skill level 5 in Maces & Flails
 16533 | Volcano  | Reached skill level 5 in Fighting
 16533 | Volcano  | Reached skill level 2 in Air Magic
 16599 | Volcano  | Noticed a wizard
 16617 | Volcano  | Killed a wizard
 16618 | Volcano  | Reached skill level 5 in Armour
 16618 | Volcano  | Reached skill level 5 in Shields
 16653 | Volcano  | Noticed a wizard
 16662 | Volcano  | Killed a wizard
 16736 | Volcano  | Noticed a wizard
 16736 | Volcano  | Noticed a wizard
 16737 | Volcano  | Cast into level 2 of the Abyss (a wizard)
 16744 | Abyss:2  | Noticed a tentacled starspawn
 17057 | Abyss:3  | Noticed a brown very ugly thing
 17059 | Abyss:3  | Noticed a brown very ugly thing
 17324 | Abyss:3  | Noticed a tentacled starspawn
 17342 | Abyss:3  | Noticed a tentacled starspawn
 17380 | Abyss:3  | Noticed an orb spider
 17392 | Abyss:3  | Noticed an orb spider
 17414 | Abyss:3  | Noticed a starcursed mass
 17430 | Abyss:3  | Noticed a tentacled starspawn
 17435 | Abyss:3  | Noticed a tentacled starspawn
 17446 | Abyss:3  | HP: 17/86 [small abomination (12)]
 17449 | Abyss:3  | Slain by a small abomination

Illustrated notes

Levels and vault maps discovered:
D:1:      lemuel_arrival_funnel, layout_basic
D:2:      minmay_spotlight, layout_loops_ring
D:3:      layout_loops_ring, shapermc_ecumenical_altar_ellora, serial_shops,
          shop
D:4:      layout_gridville, lemuel_round_altar, hangedman_decor_opposing
D:5:      layout_basic, uniq_edmund
D:6:      layout_basic, nicolae_qazlal_eye_of_the_storm, temple_doors_ab,
          minmay_quadrilaterals
D:7:      layout_cave_pools, tso_metal_star, makhleb_blood_cavern_becter,
          nicolae_dithmenos_the_darkroom
D:8:      layout_cave_pools, nicolae_elyvilon_peaceful_grove,
          gammafunk_ghost_necromancy
D:9:      layout_big_octagon, nicolae_vehumet_altar_sigil, david_lair_shrubbed,
          orc_0_dummy, dk_noncrumbling_2, statue_in_the_mist_lemuel,
          corner_web_ring, uniq_joseph
Lair:1:   layout_cave_pods, minivault_19, dpeg_stationary_puzzle
Lair:2:   layout_small_grid, serial_rivers, chequers_serial_rivers_room_b,
          chequers_serial_rivers_marsh, chequers_serial_rivers_micro_b,
          chequers_serial_rivers_micro_c, chequers_serial_rivers_micro_b
Lair:3:   layout_layer_cave, minmay_snake_entry_six_corridors,
          gammafunk_ghost_abyssal_escape, nicolae_volcano_entry_two_sided
Abyss:3:  base: Lair:1, evilmike_abyss_rune_elephants_shrine,
          evilmike_abyss_exit_plants, hangedman_steaming_rock,
          evilmike_abyss_rune_ettins, evilmike_abyss_exit_6
Volcano:  volcano_bunker

Skill      XL: |  1  2  3  4  5  6  7  8  9 10 11 |
---------------+----------------------------------+-----
Spellcasting   | 2 3 4 6 |  6.7
Ice Magic      | 4 5 6 7 8 9 10 | 10.9
Dodging        | 2 3 4 5 |  5.0
Conjurations   | 2 4 5 7 |  7.1
Fighting       | 1 2 4 5 |  5.0
Maces & Flails | 1 2 4 5 |  5.1
Shields        | 1 2 3 5 |  5.0
Armour         | 1 2 4 5 |  5.0
Air Magic      | 2 |  2.5
Stealth        | |  1.7

Action                   |  1- 3 |  4- 6 |  7- 9 | 10-12 || total
-------------------------+-------+-------+-------+-------++-------
Melee: Hand axe          |    77 |   113 |     4 |       ||   194
       Unarmed           |     5 |       |       |       ||     5
       Punch             |     1 |     1 |       |       ||     2
       Dire flail        |       |       |   324 |   253 ||   577
 Fire: Hand crossbow     |       |       |       |     1 ||     1
 Cast: Freeze            |    38 |    48 |    43 |     1 ||   130
       Frozen Ramparts   |       |    12 |    30 |    47 ||    89
       Ozocubu's Armour  |       |     4 |    29 |    26 ||    59
       Hailstorm         |       |       |       |     9 ||     9
       Freezing Cloud    |       |       |       |    10 ||    10
Evoke: Wand              |       |     1 |     1 |    16 ||    18
  Use: Potion            |       |       |     2 |    11 ||    13
       Scroll            |       |       |       |    23 ||    23
 Stab: Sleeping          |     5 |     9 |       |       ||    14
       Paralysed         |       |       |       |     4 ||     4
Armor: Robe              |     7 |       |       |       ||     7
       Leather armour    |    27 |    68 |   180 |     1 ||   276
       Steam dragon scal |       |       |       |   121 ||   121
Dodge: Dodged            |    70 |   127 |   249 |   167 ||   613
Block: Other             |       |    41 |    84 |    62 ||   187
       Reflection        |       |     1 |     4 |     1 ||     6

Table legend: (Time is in decaauts)
 A = Elapsed time spent in this place.
 B = Non-inter-level travel time spent in this place.
 C = Inter-level travel time spent in this place.
 D = Time resting spent in this place.
 E = Time spent auto-exploring this place.
 F = Levels seen in this place.
 G = Mean time per level.
                   A        B        C        D        E       F      G
               +--------+--------+--------+--------+--------+-----+--------+
         Total |  17612 |  17227 |    385 |   2308 |  11836 |  15 | 1174.1 |
       Dungeon |  13340 |  13068 |    272 |   1007 |   9874 |   9 | 1482.2 |
          Lair |   3223 |   3111 |    112 |    626 |   1962 |   3 | 1074.3 |
         Abyss |    718 |    718 |      0 |    451 |      0 |   2 |  359.0 |
       Volcano |    330 |    330 |      0 |    224 |      0 |   1 |  330.0 |
               +--------+--------+--------+--------+--------+-----+--------+

Top non-repeatable levels by time:
     D:2: 2326 daAuts
     D:9: 1875 daAuts
     D:5: 1866 daAuts
     D:6: 1839 daAuts
  Lair:2: 1743 daAuts
  Lair:1: 1333 daAuts
     D:7: 1251 daAuts
     D:1: 1199 daAuts
     D:8: 1115 daAuts
     D:4: 1011 daAuts
     D:3: 854 daAuts
 Abyss:3: 686 daAuts
 Volcano: 330 daAuts
  Lair:3: 146 daAuts
 Abyss:2: 31 daAuts

Table legend:
 A = Kills in this place as a percentage of kills in entire the game.
 B = Kills by you in this place as a percentage of kills by you in the entire game.
 C = Kills by friends in this place as a percentage of kills by friends in the entire game.
 D = Other kills in this place as a percentage of other kills in the entire game.
 E = Experience gained in this place as a percentage of experience gained in the entire game.
 F = Experience gained in this place divided by the number of levels of this place that you have seen.
                   A       B       C       D       E      F
               +-------+-------+-------+-------+-------+----------------------
         Total | 100.0 | 100.0 |   N/A |   N/A | 100.0 | 1660.2
       Dungeon |  79.1 |  79.1 |   N/A |   N/A |  40.7 | 1125.7
          Lair |  18.4 |  18.4 |   N/A |   N/A |  47.7 | 3959.0
         Abyss |   0.4 |   0.4 |   N/A |   N/A |   0.0 |   0.0
       Volcano |   2.0 |   2.0 |   N/A |   N/A |  11.6 | 2895.0
               +-------+-------+-------+-------+-------+----------------------
